 Dungeon Crawl Stone Soup version 0.28-a0-1524-ge72afd5fc6 (webtiles) character file.

Game seed: 18201645312603942730

2 psuckher the Sneak (level 1, -15/18 HPs)
             Began as a Barachi Delver on Jan 17, 2022.
             Demolished by an ogre (20 damage)
             ... on level 4 of the Dungeon.
             The game lasted 00:00:37 (70 turns).

psuckher the Sneak (Barachi Delver)                   Turns: 70, Time: 00:00:38

Health: -15/18     AC:  3    Str: 13    XL:     1   Next: 40%
Magic:  1/1        EV: 12    Int: 10    God:
Gold:   13         SH:  0    Dex: 13    Spells: 0/0 levels left

rFire   . . .      SeeInvis .   a - +0 falchion
rCold   . . .      Faith    .   (no shield)
rNeg    . . .      Spirit   .   b - +0 leather armour
rPois   .          Reflect  .   (no helmet)
rElec   .          Harm     .   (no cloak)
rCorr   .          Rampage  .   (no gloves)
Will    .....                   (no boots)
Stlth   ++........              (no amulet)
HPRegen 0.06/turn               (no ring)
MPRegen 0.07/turn               (no ring)

@: slow
A: amphibious, slowness 1, strong legs 1, +LOS
a: Hop


You were on level 4 of the Dungeon.
You visited 1 branch of the dungeon, and saw 2 of its levels.

You collected 13 gold pieces.

Inventory:

Hand Weapons
 a - a +0 falchion (weapon)
Armour
 b - a +0 leather armour (worn)
Jewellery
 e - a ring of resist corrosion
Wands
 g - a wand of digging (3)
Scrolls
 d - a scroll of magic mapping
Potions
 f - a potion of haste


   Skills:
 + Level 3.6 Fighting
 + Level 2.6 Long Blades
 + Level 2.1 Dodging
 + Level 4.6 Stealth


You couldn't memorise any spells.
You didn't know any spells.
Your spell library was empty.

Dungeon Overview and Level Annotations

Branches:
Dungeon (5/15)
 Temple: D:4-7

Altars:


Innate Abilities, Weirdness & Mutations

You are amphibious.
You cover ground slowly.
You can hop short distances.
You have an extended range of vision and can be seen from far away.


Message History

The hobgoblin shouts!
You hit the hobgoblin.
The hobgoblin is heavily wounded.
The giant cockroach barely misses you. The hobgoblin misses you.
The giant cockroach barely misses you.
You hit the hobgoblin.
The hobgoblin is severely wounded.
A giant cockroach comes into view.
The hobgoblin completely misses you.
The giant cockroach bites you but does no damage.
The goblin shouts!
You hit the hobgoblin.
You kill the hobgoblin!
The giant cockroach bites you but does no damage.
The ogre hits you with a +0 giant spiked club!
Ouch! That really hurt!
* * * LOW HITPOINT WARNING * * *
The giant cockroach barely misses you.
You see here a hobgoblin corpse.
As you read the scroll of fear, it crumbles to dust.
You assume a fearsome visage.
The goblin looks frightened!
The ogre looks frightened!
The giant cockroach looks frightened! x2
The ogre prays for help.
Found 17 arrows.
Found a sapphire ring.
Found a robe.
An orc comes into view. It is wielding a +0 hand axe.
You see here a ring of resist corrosion.
e - a ring of resist corrosion A giant cockroach comes into view.
The helpless giant cockroach fails to defend itself.
You slash the giant cockroach!
You kill the giant cockroach!
As you read the scroll of fog, it crumbles to dust.
The scroll dissolves into smoke.
The ogre completely misses you.
You barely miss the giant cockroach. The giant cockroach bites you.
* * * LOW HITPOINT WARNING * * *
The ogre hits you with a +0 giant spiked club!!
Ouch! That really hurt!
You die...

.......#....#
#.#o.....#..#
#.#.........#
#.#....[.#.##
#.#......#.#
#####.##O#####.#
....§§.........#
####O##§#######
#§@B§# ######


You could see an ogre and a giant cockroach.

Vanquished Creatures
  A giant cockroach (D:4)
  A hobgoblin (D:4)
2 creatures vanquished.

Notes
Turn   | Place    | Note
-------+----------+-------------------------------------------
     0 | D:5      | psuckher the Barachi Delver began the quest for the Orb.
     0 | D:5      | Reached XP level 1. HP: 18/18 MP: 1/1
    12 | D:4      | Noticed an ogre
    70 | D:4      | Demolished by an ogre

Illustrated notes

Levels and vault maps discovered:
D:4:      layout_basic, st_stairs_9, nicolae_stop_n_shop_1,
          kennysheep_generic_room_11
D:5:      layout_layer_cave, kennysheep_dice, uniq_duvessa

Action                   || total
-------------------------++-------
Melee: Falchion          ||     5
  Use: Scroll            ||     2
 Stab: Sleeping          ||     1
Armor: Leather armour    ||     3
Dodge: Dodged            ||     6

Table legend: (Time is in decaauts)
 A = Elapsed time spent in this place.
 B = Non-inter-level travel time spent in this place.
 C = Inter-level travel time spent in this place.
 D = Time resting spent in this place.
 E = Time spent auto-exploring this place.
 F = Levels seen in this place.
 G = Mean time per level.
                   A        B        C        D        E       F      G
               +--------+--------+--------+--------+--------+-----+--------+
         Total |     82 |     82 |      0 |      0 |      0 |   2 |   41.0 |
       Dungeon |     82 |     82 |      0 |      0 |      0 |   2 |   41.0 |
               +--------+--------+--------+--------+--------+-----+--------+

Top non-repeatable levels by time:
     D:4: 68 daAuts
     D:5: 14 daAuts
